 Dungeon Crawl Stone Soup version 0.28-a0-245-g639a1a48b9 (webtiles) character file.

Game seed: 961459908177318237

606 Spaninq the Ruffian (level 7, -2/59 HPs)
             Began as a Red Draconian Transmuter on Aug 24, 2021.
             Slain by an orc (7 damage)
             ... on level 5 of the Dungeon.
             The game lasted 00:12:22 (4920 turns).

Spaninq the Ruffian (Red Draconian Transmuter)      Turns: 4920, Time: 00:12:22

Health: -2/59      AC:  6    Str: 12    XL:     7   Next: 19%
Magic:  0/10       EV: 13    Int: 16    God:
Gold:   165        SH:  0    Dex: 11    Spells: 7/10 levels left

rFire   + . .      SeeInvis .   b - +2 dagger (elec)
rCold   . . .      Faith    .   (no shield)
rNeg    . . .      Spirit   +   (armour unavailable)
rPois   .          Reflect  .   (helmet currently unavailable)
rElec   .          Harm     .   (no cloak)
rCorr   .          Rampage  .   (no gloves)
Will    .....                   (boots currently unavailable)
Stlth   +.........              e - amulet of guardian spirit
HPRegen 0.19/turn               (no ring)
MPRegen 0.12/turn               (no ring)

@: appendages (expiring), wereblooded
A: horns 2, talons 2, breathe fire, AC +6, unfitting armour, fire resistance 1,
cold-blooded
a: Breathe Fire, End Transformation


You were on level 5 of the Dungeon.
You had temporarily grown beastly horns and talons.
You visited 1 branch of the dungeon, and saw 5 of its levels.

You collected 165 gold pieces.

Inventory:

Hand Weapons
 b - a +2 dagger of electrocution (weapon)
Missiles
 n - a throwing net
Jewellery
 e - an amulet of guardian spirit (around neck)
Wands
 i - a wand of iceblast (6)
 q - a wand of mindburst (18)
 w - a wand of paralysis (7)
Scrolls
 a - a scroll of amnesia {unknown}
 c - a scroll of noise {unknown}
 d - 4 scrolls of teleportation {unknown}
 f - 3 scrolls of enchant armour {unknown}
 g - 7 scrolls of identify {unknown}
 h - a scroll of acquirement {unknown}
 j - a scroll of fog {unknown}
 m - a scroll of torment {unknown}
 p - a scroll of silence {unknown}
 s - 2 scrolls of blinking {unknown}
 u - a scroll of magic mapping {unknown}
 x - a scroll of vulnerability {unknown}
 y - a scroll of immolation {unknown}
Potions
 k - 3 potions of attraction {unknown}
 l - a potion of cancellation {unknown}
 o - a potion of haste {unknown}
 r - a potion of heal wounds {unknown}
 t - a potion of degeneration {unknown}
 v - a potion of lignification {unknown}


   Skills:
 + Level 4.2 Fighting
 + Level 3.8 Dodging
 * Level 6.2 Unarmed Combat
 - Level 2.0 Spellcasting
 - Level 2.0 Transmutations


You had 7 spell levels left.
You knew the following spells:

 Your Spells              Type           Power      Damage    Failure   Level
a - Beastly Appendage     Tmut           16%        N/A       9%          1
b - Wereblood             Tmut           8%         N/A       14%         2

Your spell library contained the following spells:

 Spells                   Type           Power      Damage    Failure   Level
 Animate Skeleton         Necr           2%         N/A       21%         1
 Apportation              Tloc           2%         N/A       21%         1
 Corona                   Hex            1%         N/A       21%         1
 Freeze                   Ice            4%         1d3       21%         1
 Summon Small Mammal      Summ           4%         N/A       21%         1
 Slow                     Hex            1%         N/A       30%         2
 Static Discharge         Conj/Air       1%         N/A       30%         2
 Spider Form              Tmut/Pois      2%         N/A       38%         3
 Ignite Poison            Fire/Tmut/Pois 3%         N/A       43%         3
 Call Canine Familiar     Summ           1%         N/A       52%         3
 Confusing Touch          Hex            1%         N/A       52%         3
 Dazzling Flash           Conj/Hex       2%         N/A       52%         3
 Mephitic Cloud           Conj/Pois/Air  1%         N/A       52%         3
 Summon Guardian Golem    Hex/Summ       1%         N/A       52%         3
 Vampiric Draining        Necr           0%         2d6       52%         3
 Ice Form                 Ice/Tmut       4%         N/A       80%         4
 Agony                    Necr           1%         N/A       99%         5
 Bolt of Magma            Conj/Fire/Erth 0%         4d4       99%         5
 Lightning Bolt           Conj/Air       0%         1d11      99%         5
 Silence                  Hex/Air        0%         N/A       99%         5
 Maxwell's Capacitive Co  Air            0%         ∞         100%        8


Dungeon Overview and Level Annotations

Branches:
Dungeon (5/15)             Temple (0/1) D:4

Altars:


Innate Abilities, Weirdness & Mutations

You have temporarily grown beastly horns and talons.
You can breathe blasts of fire.
Your fiery red scales are hard. (AC +6)
You cannot fit into any form of body armour.
Your flesh is heat resistant. (rF+)
You are cold-blooded and may be slowed by cold attacks.


Message History

The orc priest mumbles some strange prayers to Beogh against you.
Beogh smites you! The orc hits you but does no damage.
You hit the orc.
The orc is severely wounded.
The orc priest completely misses you. The orc closely misses you.
You hit the orc.
You feel a bit better.
You kill the orc!
You howl as the wereblood boils in your veins!
The orc priest mumbles some strange prayers to Beogh against you.
Pain shoots through your body! The orc priest barely misses you.
Things that are here:
a +0 flail; a +0 leather armour You hit the orc priest.
You claw the orc priest.
The orc priest is heavily wounded.
You closely miss the orc priest. Your kick misses the orc priest.
The orc priest is heavily wounded.
A scorpion comes into view.
The orc priest hits you with a +0 trident.
The orc hits you with a +2 falchion of electrocution.
You are electrocuted!
* * * LOW HITPOINT WARNING * * *
You barely miss the orc priest. You claw the orc priest.
The orc priest is severely wounded.
Your transformation is almost over.
The orc priest barely misses you.
The orc hits you with a +2 falchion of electrocution.
* * * LOW HITPOINT WARNING * * *
You barely miss the orc priest.
The orc priest is severely wounded.
The orc priest barely misses you. The orc barely misses you.
You closely miss the orc priest. Your kick misses the orc priest.
The orc priest is severely wounded.
You howl as the wereblood boils in your veins!
The orc priest hits you with a +0 trident.
* * * LOW HITPOINT WARNING * * *
The orc hits you with a +2 falchion of electrocution.
* * * LOW HITPOINT WARNING * * *
You are electrocuted!
You die...

.... #.#P
...##... ......#
#..... #..#.# #
#.$#.###### #.
#..........
#.####...##
#.......s@#
#.....#.#oo.....#
#.....#.##......#
#.###...# ##.#.##
#. #...## .#..#
.#.##.#.#####..#.
.................
...........######
.........#....##


You could see a scorpion, an orc priest and an orc.

Vanquished Creatures
  A phantom (D:4)
  2 scorpions
  2 hounds (D:4)
  2 orc priests (D:4)
  Natasha (thrice) (D:2)
  An orc wizard (D:4)
  A hound skeleton (D:2)
  8 adders
  2 worms
  3 dart slugs
  4 orcs
  19 ball pythons
  5 endoplasms
  8 giant cockroaches
  7 goblins
  11 hobgoblins
  10 kobolds
  3 quokkas
  5 bats
  5 frilled lizards
  14 rats
116 creatures vanquished.

Notes
Turn   | Place    | Note
-------+----------+-------------------------------------------
     0 | D:1      | Spaninq the Draconian Transmuter began the quest for the
                  | Orb.
     0 | D:1      | Reached XP level 1. HP: 16/16 MP: 3/3
   260 | D:1      | Found a faded altar of an unknown god.
   271 | D:1      | Got Plato's Almanac of Cold
   286 | D:1      | Reached XP level 2. HP: 23/23 MP: 5/5
   724 | D:1      | Reached XP level 3. HP: 29/29 MP: 6/6
  1321 | D:2      | Learned a level 2 spell: Wereblood
  1357 | D:2      | Noticed Natasha
  1367 | D:2      | Killed Natasha
  1368 | D:2      | Reached skill level 4 in Unarmed Combat
  1368 | D:2      | Reached XP level 4. HP: 33/36 MP: 2/7
  2000 | D:2      | Noticed Natasha
  2007 | D:2      | Killed Natasha
  2008 | D:2      | Reached XP level 5. HP: 44/44 MP: 4/8
  2033 | D:2      | Noticed Natasha
  2042 | D:2      | Killed Natasha
  2838 | D:3      | Reached skill level 5 in Unarmed Combat
  3278 | D:4      | Noticed a phantom
  3293 | D:4      | Reached XP level 6. HP: 34/51 MP: 5/9
  3619 | D:4      | Found a staircase to the Ecumenical Temple.
  3993 | D:4      | Reached skill level 6 in Unarmed Combat
  3996 | D:4      | Your scales start taking on a fiery red colour.
  3996 | D:4      | Reached XP level 7. HP: 37/59 MP: 2/10
  3996 | D:4      | Gained mutation: Your flesh is heat resistant. (rF+) [Red
                  | Draconian growth]
  4762 | D:5      | Entered Level 5 of the Dungeon
  4920 | D:5      | Slain by an orc

Illustrated notes

Levels and vault maps discovered:
D:1:      lightli_arrival_chessboard, layout_basic,
          shapermc_ecumenical_altar_rom_forum, minmay_cut_off
D:2:      layout_loops_corners, hangedman_glass_teeth, minmay_joined_circles,
          uniq_natasha
D:3:      layout_basic, st_stairs_8, minivault_14
D:4:      layout_basic, minmay_temple_entry_from_below_a, wad_woods_river_04
D:5:      layout_rooms, serial_bayou_pond_c, nrook_mini_backslash

Skill      XL: |  1  2  3  4  5  6 |
---------------+-------------------+-----
Dodging        | 2 3 |  3.8
Fighting       | 2 3 4 |  4.2
Unarmed Combat | 4 5 6 |  6.2
Spellcasting   | |  2.0
Transmutations | |  2.0

Action                   |  1- 3 |  4- 6 |  7- 9 || total
-------------------------+-------+-------+-------++-------
Melee: Unarmed           |     8 |       |       ||     8
       Dagger            |    88 |   180 |    21 ||   289
       Tailslap          |     6 |    13 |     1 ||    20
       Kick              |     2 |    26 |     2 ||    30
       Headbutt          |     1 |    12 |     2 ||    15
       Punch             |       |     1 |     1 ||     2
 Cast: Beastly Appendage |     1 |    34 |     2 ||    37
       Wereblood         |     1 |     9 |     2 ||    12
 Stab: Sleeping          |     2 |     1 |       ||     3
Armor: Skin              |    27 |    47 |     2 ||    76
Dodge: Dodged            |    51 |    86 |    12 ||   149

Table legend: (Time is in decaauts)
 A = Elapsed time spent in this place.
 B = Non-inter-level travel time spent in this place.
 C = Inter-level travel time spent in this place.
 D = Time resting spent in this place.
 E = Time spent auto-exploring this place.
 F = Levels seen in this place.
 G = Mean time per level.
                   A        B        C        D        E       F      G
               +--------+--------+--------+--------+--------+-----+--------+
         Total |   4953 |   4756 |    197 |    225 |   3642 |   5 |  990.6 |
       Dungeon |   4953 |   4756 |    197 |    225 |   3642 |   5 |  990.6 |
               +--------+--------+--------+--------+--------+-----+--------+

Top non-repeatable levels by time:
     D:4: 1516 daAuts
     D:1: 1298 daAuts
     D:2: 1260 daAuts
     D:3: 720 daAuts
     D:5: 157 daAuts
